AoeStats
← thecartelflow

Arena

509788953Analyzed
1v1 RM · 6d ago on Sep 28, 2026· 21m 47s· 2 players
Game mode
Random Map
Map size
Tiny (2 player)
Population
200
Speed
Normal
Resources
Standard
Victory
Conquest
Starting age
Dark Age
Ending age
Imperial Age
RankedLock teamsTeams togetherTeam positionsShared explorationLock speedFull tech treeHidden civsTurbo modeCheats
Victory
Defeat
943
+16
🇺🇸 Celts · United States
949
-46
[LaOn] Vatos Locos 4 ever
11:47 Feudal Age
16:41 Castle Age
15:41 Double-Bit Axe
16:20 Horse Collar
16:52 Crossbowman
thecartelflow
11:45 Feudal Age
10:03 Loom
15:53 Wheelbarrow
17:16 Stone Mining
17:17 Gold Mining
17:14 Horse Collar
17:31 Double-Bit Axe
21:12 Arson
20:49 Man-at-Arms
Connection lost

Rejoining the realm…

Still unreachable

The connection could not be restored.

Session expired

The server has moved on; the page needs a fresh start.